Map: Pillars of Gold LE

Players

Dizzyknight

  • Race: Zerg Zerg
  • League: Master
  • Spawn Location: 7:00

Saitama - Winner!

  • Race: Terran Terran
  • League: Gold
  • Spawn Location: 1:00

VOD

Have the link to the VOD?

Description

Time

  • Played on: March 27, 2021, 12:47 a.m.
  • Length: 15:10
Show
View Real Time Build Order
Export as new Build Order

Dizzyknight Zerg 

Build Orders: Hatch First 

Get SALT Encoding   

  12  0:04  Drone  
  13  0:12  Overlord  
  13  0:18  Drone  
  14  0:45  Hatchery  
  14  0:48  Drone  
  14  1:06  Spawning Pool  
  14  1:09  Drone  
  14  1:13  Drone  
  14  1:17  Drone  
  16  1:25  Overlord  
  16  1:29  Extractor  
  16  1:32  Drone  
  16  1:46  Drone  
  17  1:54  Queen  
  17  1:58  Queen  
  21  2:04  Drone  
  21  2:06  Drone  
  23  2:13  Drone  
  23  2:14  Drone  
  25  2:52  Drone x3  
  25  2:53  Drone x3  
  31  2:59  Queen  
  31  3:04  Lair  
  33  3:29  Drone  
  33  3:30  Drone x2  
  33  3:33  Overlord x3  
  33  3:34  Overlord  
  36  3:51  Queen  
  38  4:02  Queen  
  40  4:10  Drone  
  40  4:11  Drone x4  
  40  4:12  Drone x4  
  40  4:14  Drone  
  40  4:15  Drone x2  
  52  4:17  Hatchery  
  52  4:20  Extractor  
  52  4:21  Extractor  
  49  4:25  Extractor  
  48  4:53  Queen  
  39  5:50  Drone x5  
  39  5:51  Drone x5  
  39  5:53  Drone x2  
  39  5:55  Drone x2  
  53  6:00  Drone  
  54  6:07  Queen  
  56  6:22  Drone  
  57  6:31  Spire  
  56  6:33  Drone  
  57  6:45  Drone  
  57  6:46  Drone x8  
  66  6:48  Overlord  
  66  6:49  Overlord x3  
  66  7:50  Drone x5  
  66  7:51  Drone x3  
  73  7:52  Drone  
  73  7:56  Extractor  
  73  7:57  Drone x3, Extractor  
  76  7:59  Drone x3  
  76  8:01  Overlord  
  79  8:10  Zerg Flyer Weapons Level 1  
  79  8:14  Metabolic Boost  
  79  8:42  Hatchery  
  79  8:46  Overseer x2  
  78  8:56  Hatchery  
  78  8:57  Hatchery  
  76  9:07  Overlord x2  
  76  9:08  Overlord x5, Hatchery  
  75  9:11  Mutalisk x15  
  105  9:48  Pneumatized Carapace  
  105  9:52  Mutalisk x7  
  107  9:53  Mutalisk x2  
  123  10:36  Overlord x3  
  123  10:37  Overlord x2  
  123  10:38  Overlord x2  
  123  10:40  Mutalisk x11  
  123  10:41  Mutalisk x2  
  149  10:44  Zerg Flyer Weapons Level 2  
  149  11:24  Mutalisk x7  
  80  12:13  Hydralisk Den  
  79  12:21  Roach Warren  
  79  12:22  Mutalisk x8  
  80  12:26  Zergling x20  
  77  12:48  Hydralisk  
  77  12:49  Hydralisk x7  
  93  12:52  Hydralisk  
  30  14:11  Hydralisk x4  
  30  14:12  Hydralisk x8  
  44  14:30  Queen x2  
  48  14:34  Mutalisk  
  48  14:35  Mutalisk  
Show
View Real Time Build Order
Export as new Build Order

Saitama Terran - Winner!

Build Orders: 2 Factory, Mech 

Get SALT Encoding   

  12  0:00  SCV  
  13  0:12  SCV  
  14  0:18  Supply Depot  
  14  0:24  SCV  
  15  0:39  SCV  
  15  0:40  Barracks  
  16  0:47  Refinery  
  16  0:51  SCV  
  17  1:03  SCV  
  18  1:16  SCV  
  19  1:28  Orbital Command  
  19  1:44  Command Center  
  19  1:54  SCV  
  19  1:59  Factory  
  20  2:07  Supply Depot  
  20  2:09  SCV  
  20  2:12  Barracks Reactor  
  21  2:20  Refinery  
  21  2:21  SCV  
  22  2:37  SCV  
  23  2:53  Supply Depot  
  23  3:01  Marine, Hellion x2  
  23  3:02  Factory  
  23  3:03  Orbital Command  
  28  3:13  SCV  
  28  3:15  Supply Depot  
  29  3:36  SCV x2  
  31  3:42  Barracks Tech Lab  
  31  3:45  Hellion  
  31  3:46  Hellion  
  31  3:48  SCV x2, Supply Depot  
  35  3:53  Hellion  
  39  4:02  SCV x2  
  41  4:11  Hellion  
  41  4:12  Hellion  
  45  4:22  Siege Tank  
  45  4:23  Armory  
  48  4:28  Engineering Bay, SCV x2  
  50  4:31  Supply Depot  
  50  4:42  SCV x2  
  52  4:53  Hellion  
  52  4:54  SCV x2, Supply Depot, Siege Tank  
  59  5:09  SCV x2  
  59  5:11  Hellion  
  63  5:15  Hellion  
  63  5:21  SCV x2  
  63  5:38  Siege Tank  
  66  5:46  Armory, Terran Vehicle Weapons Level 1  
  66  5:49  Command Center, Missile Turret  
  66  5:52  Missile Turret  
  66  5:54  Hellion  
  68  6:02  Supply Depot  
  68  6:04  Supply Depot  
  68  6:08  Hellbat  
  70  6:19  SCV x2  
  70  6:22  Refinery  
  70  6:23  Refinery  
  72  6:31  SCV  
  73  6:34  Supply Depot  
  73  6:35  Terran Vehicle And Ship Armor Level 1  
  73  6:36  Supply Depot  
  73  6:39  Hellbat x2  
  77  6:51  Thor  
  83  6:57  SCV x2  
  83  7:01  Orbital Command  
  85  7:18  Hellbat  
  85  7:19  Hellbat  
  89  7:23  Orbital Command  
  89  7:31  Factory  
  89  7:32  Factory, Supply Depot  
  89  7:33  Factory  
  89  7:36  SCV, Supply Depot  
  89  7:37  SCV  
  91  7:42  Thor, Hellbat x2  
  101  7:49  SCV x2  
  103  7:54  Missile Turret  
  103  8:01  SCV x2  
  103  8:03  Missile Turret  
  105  8:06  Missile Turret  
  105  8:08  Missile Turret  
  105  8:09  Missile Turret, Supply Depot  
  105  8:13  Hellbat  
  105  8:16  Hellbat  
  105  8:17  Factory Tech Lab x2  
  105  8:19  Factory Reactor  
  109  8:25  Missile Turret  
  109  8:31  Missile Turret x2  
  109  8:35  SCV x3  
  109  8:36  Supply Depot  
  109  8:38  Thor  
  118  8:50  Refinery  
  118  8:53  SCV x3  
  118  8:54  Refinery  
  118  8:55  Thor  
  121  9:00  Thor  
  133  9:05  SCV x3  
  133  9:06  Hellbat  
  133  9:07  Hellbat  
  140  9:18  SCV x2  
  140  9:19  SCV  
  143  9:24  Command Center  
  143  9:30  SCV x2  
  143  9:31  SCV  
  146  9:37  Sensor Tower x2  
  150  9:38  Hellbat x2  
  150  9:39  Hellbat x2  
  150  9:40  Thor  
  150  9:45  Terran Vehicle Weapons Level 2  
  160  9:50  Terran Vehicle And Ship Armor Level 2  
  160  10:02  Hellbat x2  
  164  10:10  Hellbat x2, Supply Depot  
  168  10:18  Thor  
  168  10:20  Smart Servos, Infernal Pre-Igniter  
  180  10:32  Command Center  
  180  10:47  Command Center  
  180  10:51  Thor  
  180  10:55  Hellbat x2, Hellion  
  180  10:56  Hellbat  
  188  10:57  Thor  
  188  10:59  SCV  
  188  11:00  SCV x2  
  197  11:11  SCV  
  197  11:12  SCV x2  
  200  11:23  Planetary Fortress  
  194  12:10  Terran Vehicle Weapons Level 3  
  194  12:11  Terran Vehicle And Ship Armor Level 3  
  194  12:40  Hellbat  
  194  12:41  Hellbat x2  
  200  12:48  Starport  
  200  12:49  Starport  
  200  13:25  Missile Turret  
  200  13:27  Missile Turret  
  200  13:28  Missile Turret  
  200  13:31  Missile Turret  
  200  13:34  Orbital Command, Missile Turret x2  
  200  13:35  Orbital Command, Missile Turret x2  
  200  13:36  Missile Turret  
  200  13:40  Missile Turret  
  195  13:48  Missile Turret  
  192  13:53  Missile Turret  
  179  14:14  Thor x3  
  194  14:34  SCV x2  
  199  14:38  Hellion  
  199  14:39  Hellion  
  199  14:42  Orbital Command  
Tags
 
Add a new tag
Caveats
  • Supply blocks, unpowered buildings, or Contaminate may cause inaccurate times.
  • Supply counts are checked every 10 seconds.